 Dungeon Sprint DCSS version 0.30-a0-1163-gf69bf04e7a (webtiles) character file.

Game seed: 6985705041405617377

3246 sircluck the Severer (level 9, 0/92 HPs)
             Began as a Hill Orc Fighter on Apr 28, 2023.
             Was the Champion of Beogh.
             Slain by a warg (18 damage)
             ... in the Dungeon (Sprint VII: "The Pits").
             The game lasted 00:06:19 (1384 turns).

sircluck the Severer (Hill Orc Fighter)             Turns: 1384, Time: 00:06:20

Health: 0/92       AC:  0    Str: 23    XL:     9   Next: 99%
Magic:  11/11      EV:  7    Int:  8    God:    Beogh [******]
Gold:   0          SH:  6    Dex: 10    Spells: 8/8 levels left

rFire   . . .        v - +2 war axe (heavy)
rCold   . . .        c - +0 buckler
rNeg    . . .        p - +2 plate armour
rPois   .            x - +0 helmet
rElec   .            (no cloak)
rCorr   .            y - +0 pair of gloves
SInv    .            (no boots)
Will    .....        (no amulet) Stlth
                     (no ring)
HPRegen 0.35/turn    (no ring)
MPRegen 0.12/turn

%: no teleportation
@: mighty, corroded
A: walk on water
a: Renounce Religion, Smiting, Recall Orcish Followers, Give Item to Named
Follower, Resurrection


You were in the Dungeon.
You worshipped Beogh.
Beogh was exalted by your worship.
You visited 1 branch

Inventory:

Hand Weapons
 a - a +0 war axe
 b - a +0 hand axe
 o - a +2 hand axe of freezing
 v - a +2 heavy war axe (weapon)
Missiles
 n - 11 stones (quivered)
Armour
 c - a +0 buckler (worn)
 p - a +2 plate armour (worn)
 x - a +0 helmet (worn)
 y - a +0 pair of gloves (worn)
Jewellery
 d - a +3 ring of protection
 u - a +3 ring of evasion
Scrolls
 l - 5 scrolls of amnesia
Potions
 e - 5 potions of curing
 f - 6 potions of heal wounds
 g - 2 potions of haste
 h - 4 potions of magic
 i - 3 potions of berserk rage
 k - 2 potions of invisibility
 r - a potion of might
 s - a potion of resistance
 t - a potion of brilliance


   Skills:
 + Level 12.7 Fighting
 + Level 18.0 Axes
 + Level 12.0 Armour
 + Level 2.1 Dodging
 + Level 0.2 Stealth
 + Level 10.7 Shields
 + Level 3.2 Invocations


You had 8 spell levels left.
You didn't know any spells.
Your spell library was empty.

Dungeon Overview and Level Annotations

Branches:
Dungeon (1/1)

Altars:
Ashenzari
Cheibriados
Dithmenos
Elyvilon
Fedhas
Gozag
Hepliaklqana
Kikubaaqudgha
Makhleb
Nemelex Xobeh
Okawaru
Qazlal
Ru
Sif Muna
Trog
Uskayaw
Vehumet
Wu Jian
Xom
Yredelemnul
Zin
The Shining One
Beogh
Jiyva
Lugonu


Message History

You closely miss the rust devil. You slash something!
Something hits you but does no damage. The warg bites your orc warrior!
Your orc warrior dies!
The rust devil hits you. The rust devil corrodes you!
You block the rust devil's attack.
You hit the rust devil but do no damage.
The rust devil is moderately wounded.
You hit the rust devil but do no damage.
You miss something. Something hits you but does no damage.
The rust devil barely misses you. The rust devil hits you.
The rust devil corrodes you! You block the warg's attack.
You hit the rust devil but do no damage.
The rust devil is moderately wounded.
You hit something but do no damage.
You hit the rust devil but do no damage.
You slice the warg!! Something hits you. Something shocks you.
The warg bites you but does no damage. The rust devil hits you.
The rust devil corrodes you! The rust devil hits you!
The rust devil corrodes you!
You hit the rust devil.
The rust devil is moderately wounded.
You completely miss the warg. You miss something. You slash the rust devil!
You block something's attack. The warg bites you! The rust devil hits you!
The rust devil corrodes you! You block the rust devil's attack.
Unknown command.
You feel very mighty all of a sudden. The warg bites you! Something hits you.
Something shocks you.
* * * LOW HITPOINT WARNING * * *
The rust devil barely misses you. The rust devil hits you!
* * * LOW HITPOINT WARNING * * *
The rust devil corrodes you! The warg bites you!
* * * LOW HITPOINT WARNING * * *
You feel much better.
The kobold demonologist begins to cast a cantrip, but forgets the words!
Something hits you.
* * * LOW HITPOINT WARNING * * *
Something shocks you.
* * * LOW HITPOINT WARNING * * *
The rust devil barely misses you. The warg bites you!!
You die...

.......##..####.....#
.......##...##......#
#########....'..)...+ +
#########..)##...†..# .#
..#...[##..####.†...# .##
..#....##..##.##...##...#
..'..))##..##..##.##.....
..#..))##..# #K4#h#Z.....
..#..).##..# #4@{hh.#
############ ########


You could see 2 rust devils, a kobold demonologist, a warg, 2 wolves and a
quokka simulacrum.

Vanquished Creatures
  A two-headed ogre (D)
  A sea snake (D)
  A smoke demon (D)
  A molten gargoyle (D)
  A hornet (D)
  A tyrant leech (D)
  A flying skull (D)
  Edmund (D)
  An acid dragon (D)
  A floating eye (D)
  A sky beast (D)
  A bullfrog (D)
  A necrophage (D)
  A scorpion (D)
  A gnoll sergeant (D)
  A gnoll bouda (D)
  A jelly (D)
  An iron imp (D)
  5 gnolls (D)
  2 river rats (D)
  An adder (D)
  A ball python (D)
  7 jackals (D)
  A quokka (D)
  A bat (D)
  A kobold (D)
  A quokka zombie (D)
38 creatures vanquished.

Vanquished Creatures (collateral kills)
  A tyrant leech (D)
  A scorpion (D)
  2 jackals (D)
4 creatures vanquished.

Vanquished Creatures (others)
  An orc warrior (D)
  An orc priest (D)
  3 orcs (D)
5 creatures vanquished.

Grand Total: 47 creatures vanquished

Notes
Turn   | Place    | Note
-------+----------+-------------------------------------------
     0 | D        | sircluck the Hill Orc Fighter began the quest for the Orb.
     0 | D        | Reached XP level 1. HP: 19/19 MP: 1/1
    66 | D        | Found a bloodstained altar of Trog.
    66 | D        | Found a shimmering blue altar of Sif Muna.
    66 | D        | Found a viscous altar of Jiyva.
    66 | D        | Found a hazy altar of Hepliaklqana.
    66 | D        | Found an opulent altar of Gozag.
    67 | D        | Found a glowing golden altar of the Shining One.
    67 | D        | Found a glowing silver altar of Zin.
    67 | D        | Found a basalt altar of Yredelemnul.
    67 | D        | Found a shimmering altar of Xom.
    67 | D        | Found an ornate altar of the Wu Jian Council.
    67 | D        | Found a sacrificial altar of Ru.
    67 | D        | Found a stormy altar of Qazlal.
    67 | D        | Found an iron altar of Okawaru.
    67 | D        | Found a sparkling altar of Nemelex Xobeh.
    67 | D        | Found a burning altar of Makhleb.
    67 | D        | Found a blossoming altar of Fedhas.
    67 | D        | Found a white marble altar of Elyvilon.
    67 | D        | Found a shadowy altar of Dithmenos.
    67 | D        | Found a snail-covered altar of Cheibriados.
    70 | D        | Found a corrupted altar of Lugonu.
    70 | D        | Found a radiant altar of Vehumet.
    70 | D        | Found a roughly hewn altar of Beogh.
    71 | D        | Found an ancient bone altar of Kikubaaqudgha.
    71 | D        | Found a hide-covered altar of Uskayaw.
    71 | D        | Found a broken altar of Ashenzari.
    79 | D        | Became a worshipper of Beogh the Brigand
    92 | D        | Noticed a scorpion
    99 | D        | Killed a scorpion
   100 | D        | Reached skill level 4 in Axes
   100 | D        | Reached skill level 5 in Armour
   100 | D        | Reached skill level 5 in Shields
   100 | D        | Reached XP level 2. HP: 17/30 MP: 2/2
   100 | D        | Reached XP level 3. HP: 22/37 MP: 3/3
   100 | D        | Reached XP level 4. HP: 26/44 MP: 4/4
   172 | D        | Reached * piety under Beogh
   203 | D        | Reached ** piety under Beogh
   211 | D        | Reached skill level 5 in Axes
   217 | D        | Reached *** piety under Beogh
   299 | D        | Noticed a floating eye
   303 | D        | Paralysed by a floating eye for 2 turns
   306 | D        | Reached XP level 5. HP: 52/52 MP: 5/5
   310 | D        | Killed a floating eye
   311 | D        | Reached skill level 7 in Axes
   311 | D        | Reached XP level 6. HP: 61/61 MP: 6/6
   332 | D        | Noticed a flying skull
   333 | D        | Noticed Edmund
   348 | D        | Killed a flying skull
   349 | D        | Reached skill level 9 in Axes
   349 | D        | Reached skill level 1 in Invocations
   359 | D        | Reached **** piety under Beogh
   360 | D        | Reached skill level 10 in Axes
   360 | D        | Reached XP level 7. HP: 36/70 MP: 2/8
   382 | D        | Killed Edmund
   383 | D        | Reached skill level 11 in Axes
   383 | D        | Reached skill level 1 in Dodging
   408 | D        | Reached ***** piety under Beogh
   409 | D        | Reached skill level 10 in Fighting
   541 | D        | Reached skill level 12 in Axes
   560 | D        | Reached XP level 8. HP: 54/80 MP: 8/10
   586 | D        | Reached ****** piety under Beogh
   639 | D        | Noticed a molten gargoyle
   639 | D        | Noticed a tyrant leech
   647 | D        | Reached skill level 13 in Axes
   653 | D        | Killed a molten gargoyle
   654 | D        | Reached skill level 14 in Axes
   654 | D        | Reached skill level 10 in Armour
   661 | D        | Killed a tyrant leech
   930 | D        | Noticed a sea snake
   941 | D        | Killed a sea snake
   942 | D        | Reached skill level 15 in Axes
   942 | D        | Reached skill level 10 in Shields
   942 | D        | Reached XP level 9. HP: 31/90 MP: 9/11
   950 | D        | HP: 3/90 [poisoned by a sea snake]
   954 | D        | HP: 1/90 [poisoned by a sea snake]
  1236 | D        | Noticed a tyrant leech
  1236 | D        | Noticed a smoke demon
  1236 | D        | Noticed a two-headed ogre
  1244 | D        | HP: 3/90 [smoke demon/divine providence (11)]
  1250 | D        | Reached skill level 16 in Axes
  1251 | D        | Killed a tyrant leech
  1258 | D        | Killed a two-headed ogre
  1259 | D        | Reached skill level 17 in Axes
  1260 | D        | Killed a smoke demon
  1374 | D        | Noticed a kobold demonologist
  1374 | D        | Noticed a hornet
  1376 | D        | Noticed a rust devil
  1377 | D        | Killed a hornet
  1378 | D        | Reached skill level 18 in Axes
  1378 | D        | Noticed a rust devil
  1383 | D        | HP: 2/92 [warg (9)]
  1384 | D        | Slain by a warg

Illustrated notes

Levels and vault maps discovered:
D:        pitsprint [storerooms_1, entrance_room_1, metal_vault_3, armoury_1,
          mini_pit_1, grid_room_1, main_hall_1, silver_pit, the_coven_1,
          the_vestibule_1, steel_vault_1, golden_pit, hallway_of_sentries,
          crystal_vault_4, iron_vault_4, final_vault]

Skill      XL: |  1  2  3  4  5  6  7  8  9 |
---------------+----------------------------+-----
Fighting       | 6 7 8 9 10 11 12 | 12.7
Axes           | 4 5 7 10 12 15 18 | 18.0
Armour         | 5 6 7 8 9 11 12 | 12.0
Shields        | 5 6 7 8 10 | 10.7
Invocations    | 1 2 3 |  3.2
Dodging        | 1 2 |  2.1
Stealth        | |  0.2

Action                     |  1- 3 |  4- 6 |  7- 9 || total
---------------------------+-------+-------+-------++-------
  Melee: War axe           |    11 |    55 |   114 ||   180
 Invoke: Smiting           |       |     2 |       ||     2
         Recall Orcish Fol |       |       |     1 ||     1
    Use: Potion            |       |       |     8 ||     8
         Scroll            |       |       |     2 ||     2
 Armour: Scale mail        |     5 |    14 |       ||    19
         Chain mail        |       |    11 |    31 ||    42
         Plate armour      |       |       |    29 ||    29
  Dodge: Dodged            |     3 |    24 |    33 ||    60
  Block: Buckler           |     5 |    14 |    28 ||    47

Table legend: (Time is in decaauts)
 A = Elapsed time spent in this place.
 B = Non-inter-level travel time spent in this place.
 C = Inter-level travel time spent in this place.
 D = Time resting spent in this place.
 E = Time spent auto-exploring this place.
 F = Levels seen in this place.
 G = Mean time per level.
                   A        B        C        D        E       F      G
               +--------+--------+--------+--------+--------+-----+--------+
         Total |   1403 |   1371 |     32 |    696 |    147 |   1 | 1403.0 |
       Dungeon |   1403 |   1371 |     32 |    696 |    147 |   1 | 1403.0 |
               +--------+--------+--------+--------+--------+-----+--------+

Top non-repeatable levels by time:
       D: 1403 daAuts
